 Dungeon Crawl Stone Soup version 0.24.0-1-gfbc8707 (webtiles) character file.

Game seed: 14975883472050298591, levelgen mode: deterministic

122433 porkupine the Cruncher (level 16, 0/103 HPs)
             Began as a Gargoyle Abyssal Knight on Nov 6, 2019.
             Was the Champion of Lugonu.
             Killed from afar by a merfolk aquamancer (22 damage)
             ... with a shard of ice
             ... on level 4 of the Shoals on Nov 7, 2019.
             The game lasted 02:51:56 (30570 turns).

porkupine the Cruncher (Gargoyle Abyssal Knight)   Turns: 30570, Time: 02:51:57

Health: 0/103      AC: 40    Str: 21    XL:     16   Next: 52%
Magic:  0/7        EV:  7    Int: 17    God:    Lugonu [******]
Gold:   1862       SH:  3    Dex:  9    Spells: 15/15 levels left

rFire    . . .     SeeInvis .   a - +7 trident (antimagic)
rCold    . . .     Gourm    .   (no shield)
rNeg     + + .     Faith    .   h - +1 plate armour
rPois    ∞         Spirit   +   O - +2 hat of the Bear Spirit {Spirit, +Rage rN+ MR++}
rElec    +         Reflect  +   I - +2 cloak {+Inv}
rCorr    .         Harm     .   m - +2 pair of gloves
MR       +++..                  n - +2 pair of boots of the Assassin {Detection Stab+ Stlth++}
Stlth    +++.......             Z - +3 amulet of reflection
HPRegen  0.27/turn              t - ring of stealth
MPRegen  0.10/turn              d - +4 ring of slaying

@: no status effects
A: big wings, blurry vision 1, clever 1, negative energy resistance 1,
electricity resistance, unbreathing, petrification resistance, rot immunity, AC
+12
}: 1/15 runes: barnacled
a: Fly, Depart the Abyss, Bend Space, Banish, Corrupt, Enter the Abyss, Renounce
Religion, Evoke Berserk Rage, Evoke Invisibility


You were on level 4 of the Shoals.
You worshipped Lugonu.
Lugonu was exalted by your worship.
You were very hungry.

You visited 4 branches of the dungeon, and saw 25 of its levels.
You visited the Abyss 1 time.
You also visited: Ossuary.

You collected 2590 gold pieces.
You spent 728 gold pieces at shops.

Inventory:

Hand Weapons
 a - a +7 antimagic trident (weapon)
 b - the +10 hunting sling "Lemimp" {speed, rC++ rN+ Int-4 SInv}
   (You found it on level 3 of the Lair of Beasts)

   Attacks with this weapon are significantly faster.
   It affects your intelligence (-4).
   It greatly protects you from cold.
   It protects you from negative energy.
   It lets you see invisible.
 r - a +9 quarterstaff of distortion
 A - a +1 demon trident of electrocution
Missiles
 v - 61 poisoned darts (quivered)
 L - 208 sling bullets
 N - 6 boomerangs of dispersal
 S - 8 atropa-tipped darts
 V - 40 silver javelins
Armour
 h - a +1 plate armour (worn)
 m - a +2 pair of gloves (worn)
 n - the +2 pair of boots of the Assassin (worn) {Detection Stab+ Stlth++}
   (You acquired it on level 1 of the Orcish Mines)

   It makes you much more stealthy.
 I - a +2 cloak of invisibility (worn)
 J - a +0 ring mail of fire resistance
 O - the +2 hat of the Bear Spirit (worn) {Spirit, +Rage rN+ MR++}
   (You found it on level 7 of the Dungeon)

   It protects you from negative energy.
   It affects your resistance to hostile enchantments.
   It lets you go berserk.
Jewellery
 d - a +4 ring of slaying (right hand)
 p - an uncursed ring of protection from cold
 t - a ring of stealth (left hand)
 x - an uncursed ring of protection from magic
 D - an uncursed ring of protection from magic
 Z - a +3 amulet of reflection (around neck)
Wands
 l - a wand of random effects (69)
 u - a wand of disintegration (23)
 E - a wand of flame (47)
 G - a wand of acid (17)
 K - a wand of enslavement (2)
 M - a wand of paralysis (10)
 Q - a wand of digging (7)
 T - a wand of polymorph (3)
 X - a wand of iceblast (8)
Scrolls
 f - 4 scrolls of blinking
 g - 15 scrolls of teleportation
 k - 3 scrolls of magic mapping
 y - 5 scrolls of remove curse
 z - 17 scrolls of identify
Potions
 e - 7 potions of might
 i - a potion of haste
 j - 7 potions of curing
 o - 4 potions of heal wounds
 s - 4 potions of lignification
 B - a potion of invisibility
 C - a potion of agility
 F - a potion of ambrosia
 P - a potion of berserk rage
 R - a potion of resistance
Miscellaneous
 q - a lightning rod (4/4)
 w - a fan of gales
Comestibles
 c - 21 rations


   Skills:
 + Level 12.4 Fighting
   Level 2.6(9.9) Maces & Flails
 + Level 9.2(12.3) Polearms
 + Level 14.2(15.4) Staves
 + Level 7.5(8.1) Slings
 + Level 4.3(6.5) Throwing
 + Level 11.2 Armour
 + Level 1.7 Dodging
 * Level 10.3 Stealth
 - Level 10.0 Invocations
 * Level 8.7 Evocations


You had 15 spell levels left.
You didn't know any spells.
Your spell library contained the following spells:

 Spells                   Type           Power        Failure   Level  Hunger
 Confusing Touch          Hex            #.....       97%         1    ##.....
 Freeze                   Ice            #...         97%         1    ##.....
 Sandblast                Erth           #.....       97%         1    ##.....
 Passwall                 Tmut/Erth      #.......     99%         2    ###....
 Swiftness                Chrm/Air       #.......     99%         2    ###....
 Throw Frost              Conj/Ice       #.....       99%         2    ###....
 Confuse                  Hex            #.......     100%        3    ####...
 Gell's Gravitas          Tloc           #.........   100%        3    ####...
 Ozocubu's Armour         Chrm/Ice       #.......     100%        3    ####...
 Recall                   Summ/Tloc      N/A          100%        3    ####...
 Stone Arrow              Conj/Erth      #.....       100%        3    ####...
 Cause Fear               Hex            #.........   100%        4    #####..
 Leda's Liquefaction      Hex/Erth       #.........   100%        4    #####..
 Petrify                  Tmut/Erth      #.......     100%        4    #####..
 Summon Ice Beast         Ice/Summ       #.......     100%        4    #####..
 Summon Lightning Spire   Summ/Air       #.......     100%        4    #####..
 Throw Icicle             Conj/Ice       #.......     100%        4    #####..
 Aura of Abjuration       Summ           #.........   100%        5    ######.
 Bolt of Magma            Conj/Fire/Erth #.........   100%        5    ######.
 Irradiate                Conj/Tmut      #.........   100%        5    ######.
 Iskenderun's Battlesphe  Conj/Chrm      #.......     100%        5    ######.
 Lee's Rapid Deconstruct  Erth           #.........   100%        5    ######.
 Metabolic Englaciation   Hex/Ice        #.........   100%        5    ######.
 Silence                  Hex/Air        #.........   100%        5    ######.
 Summon Demon             Summ           #.........   100%        5    ######.
 Summon Forest            Summ/Tloc      #.........   100%        5    ######.
 Summon Mana Viper        Hex/Summ       #.......     100%        5    ######.
 Yara's Violent Unravell  Hex/Tmut       #.........   100%        5    ######.
 Conjure Ball Lightning   Conj/Air       #.........   100%        6    #######
 Deflect Missiles         Chrm/Air       #.........   100%        6    #######
 Hydra Form               Tmut           #.........   100%        6    #######
 Iron Shot                Conj/Erth      #.........   100%        6    #######
 Shadow Creatures         Summ           N/A          100%        6    #######
 Dragon Form              Tmut           #.........   100%        7    #######
 Discord                  Hex            #.........   100%        8    #######
 Shatter                  Erth           #.........   100%        9    #######
 Tornado                  Air            #.........   100%        9    #######
 Statue Form              Tmut/Erth      Unusable     N/A         6    N/A

Dungeon Overview and Level Annotations

Branches:
Dungeon (13/15)            Temple (0/1) D:5            Lair (6/6) D:10
 Shoals (4/4) Lair:3        Snake (0/4) Lair:3        Slime (0/5) Lair:6
    Orc (2/2) D:12            Elf (0/3) Orc:2       Ossuary (visited)
 Vaults: D:13-14

Altars:
Cheibriados
Elyvilon
Hepliaklqana
Makhleb
Nemelex Xobeh
Okawaru
Qazlal
Ru
Sif Muna
Uskayaw
Yredelemnul
The Shining One
Jiyva

Shops:
Orc:1 ?   Orc:2 !*:*   Shoals:1 *

Annotations:
Shoals:2 corrupted
Shoals:4 corrupted
Abyss:1 Donald


Innate Abilities, Weirdness & Mutations

You are resistant to torment.
Your stone body is resilient. (AC +12)
You are immune to poison.
Your large and strong wings let you fly indefinitely.
You resist negative energy. (rN+)
You are resistant to electric shocks. (rElec)
You can survive without breathing.
You are immune to petrification.
You are immune to rotting.
Scrolls take you a little longer to read.
Your mind is acute. (Int +2)


Message History

The merfolk aquamancer points at you and mumbles some strange words.
The ball of steam hits you!
* * * LOW HITPOINT WARNING * * *
You enter the shallow water.
Moving in this stuff is going to be slow.
The merfolk aquamancer is engulfed in a cloud of scalding steam.
The wind drake flaps its wings at you. The air twists around and strikes you.
* * * LOW HITPOINT WARNING * * *
You feel much better.
The merfolk aquamancer casts a spell at you.
The shard of ice misses you.
The merfolk aquamancer hits you but does no damage.
The merfolk aquamancer casts a spell at you.
The shard of ice hits you!!
* * * LOW HITPOINT WARNING * * *
The snapping turtle bites you but does no damage.
The merfolk aquamancer gestures at you while chanting.
The shard of ice hits you!!
You die...

.........#. .≈≈ ##≈≈≈
..........###. .#≈ #≈≈≈
..........# ≈. ≈≈ #≈≈≈
..........# #≈#≈#≈# #≈≈≈
..#.......## ≈≈≈≈k #≈†≈
...........## #≈§##≈≈≈
............#######≈≈≈≈≈
..........t..##..≈#.≈≈≈≈
≈..≈≈≈.@k≈≈≈.......≈≈≈≈≈
≈≈≈..≈≈≈m≈≈≈.....≈≈≈≈≈≈≈
≈≈≈.≈≈≈≈≈≈≈.......≈≈≈≈≈≈
≈≈≈≈≈≈≈≈≈≈≈........≈≈≈≈≈
≈≈≈≈≈≈≈≈≈≈...........≈≈≈
≈≈≈≈≈≈≈≈≈...............
≈≈≈≈≈≈≈≈≈...............
≈≈≈≈≈≈≈≈≈...............
≈≈#≈................


You could see a merfolk aquamancer, a snapping turtle and a wind drake.

Vanquished Creatures
  Ilsuiw (Shoals:2)
  Nessos (D:12)
  7 merfolk javelineers
  Josephine (D:12)
  7 merfolk impalers
  A rakshasa (D:10)
  Fannar (D:12)
  4 hydras
  A centaur warrior (D:9)
  A shambling mangrove (Lair:4)
  A merfolk avatar (Shoals:4)
  3 two-headed ogres
  A catoblepas (Lair:6)
  A satyr (Shoals:3)
  Erica (D:9)
  An alligator snapping turtle (Shoals:4)
  4 orc high priests (Orc:2)
  Nergalle (Lair:2)
  9 sea snakes
  A necromancer (Lair:2)
  A harpy (Shoals:4)
  Pikel (D:5)
  2 lindwurms (Lair:4)
  7 manticores
  2 orc sorcerers
  2 wolf spiders
  A cyclops (Shoals:3)
  13 fauns
  3 oklob plants (Lair:4)
  7 elephants
  8 black mambas
  11 merfolk sirens
  A guardian serpent (Lair:6)
  7 water nymphs
  A torpor snail (Lair:5)
  2 rime drakes
  8 komodo dragons
  16 spiny frogs
  A meliai (D:12)
  22 merfolk
  4 trolls
  5 snapping turtles
  4 wind drakes
  5 polar bears
  8 hornets
  10 dream sheep
  11 hippogriffs
  4 redbacks
  Sigmund (D:6)
  4 wraiths
  8 wyverns
  30 yaks
  4 water elementals (Shoals:2)
  3 hungry ghosts
  2 basilisks
  Edmund (D:5)
  A naga (Lair:3)
  2 soldier ants (D:12)
  An acid dragon (D:11)
  25 water moccasins
  6 wargs
  Duvessa (D:5)
  4 black bears
  19 orc warriors
  7 porcupines
  7 ogres
  3 ice beasts
  9 wolves
  2 phantoms (D:12)
  A sky beast (D:10)
  6 centaurs
  12 crocodiles
  Blork the orc (D:6)
  14 bullfrogs
  A gnoll sergeant (D:6)
  Dowan (D:5)
  5 scorpions
  4 howler monkeys
  2 electric eels (D:8)
  3 crimson imps
  3 centaur zombies
  2 bullfrog zombies
  3 hounds
  2 human zombies (Ossuary)
  36 orc priests
  Crazy Yiuf (D:5)
  2 jellies
  2 bullfrog skeletons
  4 centaur skeletons
  26 orc wizards
  Ijyb (D:5)
  Natasha (thrice) (D:2)
  3 iguanas
  6 hell rats (Lair:5)
  6 worker ants
  A yak simulacrum (Lair:2)
  2 polar bear simulacra (Lair:2)
  4 wolf simulacra (Lair:2)
  A killer bee zombie (D:7)
  2 big kobold zombies (Ossuary)
  2 hound zombies (Ossuary)
  2 hound skeletons
  2 mummies (Ossuary)
  A worker ant zombie (D:8)
  A howler monkey zombie (D:9)
  7 gnolls
  22 adders
  3 shadow imps
  An ufetubus (Abyss:2)
  An adder zombie (Ossuary)
  An adder skeleton (D:9)
  3 worms
  6 leopard geckos
  79 orcs
  7 giant cockroaches
  2 gnoll zombies (Ossuary)
  7 goblins
  8 hobgoblins
  4 jackals
  11 kobolds
  3 quokkas
  2 ball pythons
  17 bats
  6 frilled lizards
  A giant cockroach zombie (D:6)
  4 goblin zombies (Ossuary)
  4 hobgoblin zombies (Ossuary)
  3 jackal zombies (Ossuary)
  5 kobold zombies (Ossuary)
  An orc zombie (Ossuary)
  4 quokka zombies
  8 rats
  2 rat zombies (Ossuary)
  4 river rat simulacra (Lair:2)
  A fungus (D:6)
  3 plants
753 creatures vanquished.

Vanquished Creatures (collateral kills)
  An orc (D:11)
1 creature vanquished.

Vanquished Creatures (others)
  A frost giant (Shoals:4)
  2 merfolk javelineers (Shoals:4)
  3 merfolk impalers
  A hydra (Lair:1)
  4 satyrs (Shoals:2)
  2 merfolk aquamancers
  A two-headed ogre (Orc:2)
  2 sea snakes
  A kraken simulacrum (Shoals:4)
  3 harpies (Shoals:2)
  2 manticores
  9 fauns (Shoals:2)
  A merfolk siren (Shoals:2)
  A water nymph (Shoals:2)
  A black mamba (Lair:4)
  3 spiny frogs
  A komodo dragon (Lair:5)
  2 merfolk
  A wind drake (Shoals:2)
  2 hippogriffs
  6 snapping turtles
  A redback (Lair:6)
  A wyvern (Lair:6)
  2 yaks (Lair:4)
  2 water moccasins (Lair:6)
  3 orc warriors
  A centaur (D:10)
  A crocodile (Lair:4)
  An orc priest (D:12)
  2 orcs
  A bush (Lair:6)
  15 fungi
  22 plants
  23 starspawn tentacles
124 creatures vanquished.

Grand Total: 878 creatures vanquished

Notes
Turn   | Place    | Note
-------+----------+-------------------------------------------
     0 | Abyss:1  | porkupine the Gargoyle Abyssal Knight began the quest for
                  | the Orb.
     0 | Abyss:1  | Reached XP level 1. HP: 14/14 MP: 2/2
    35 | Abyss:1  | Noticed a freezing wraith
    80 | Abyss:1  | Noticed a small abomination
   130 | Abyss:1  | Noticed a wretched star
   210 | Abyss:2  | Noticed a quasit
   215 | Abyss:2  | Noticed a chaos spawn
   216 | D:1      | Escaped the Abyss
   406 | D:1      | Reached XP level 2. HP: 19/19 MP: 3/3
   602 | D:1      | Reached * piety under Lugonu
   677 | D:1      | Reached XP level 3. HP: 21/24 MP: 4/4
  1357 | D:2      | Reached XP level 4. HP: 18/29 MP: 5/5
  1803 | D:2      | Noticed Natasha
  1813 | D:2      | Killed Natasha
  1917 | D:2      | Found a stormy altar of Qazlal.
  2074 | D:2      | Noticed Natasha
  2077 | D:2      | Reached skill level 1 in Polearms
  2094 | D:2      | Killed Natasha
  2094 | D:2      | Reached XP level 5. HP: 16/34 MP: 6/6
  2498 | D:2      | Noticed Natasha
  2512 | D:2      | Killed Natasha
  3069 | D:2      | Found a hide-covered altar of Uskayaw.
  3069 | D:2      | Found a hazy altar of Hepliaklqana.
  3238 | D:3      | Reached ** piety under Lugonu
  3420 | D:3      | Reached XP level 6. HP: 21/39 MP: 7/7
  4586 | D:4      | Found a sparkling altar of Nemelex Xobeh.
  4587 | D:4      | Found a snail-covered altar of Cheibriados.
  4587 | D:4      | Found a sacrificial altar of Ru.
  4588 | D:4      | Found a shimmering blue altar of Sif Muna.
  4857 | D:4      | Noticed an ice beast
  4862 | D:4      | Killed an ice beast
  4889 | D:4      | Reached XP level 7. HP: 35/44 MP: 8/8
  5006 | D:4      | Reached skill level 5 in Fighting
  5081 | D:5      | Entered Level 5 of the Dungeon
  5081 | D:5      | Found a staircase to the Ecumenical Temple.
  5198 | D:5      | Reached *** piety under Lugonu
  5216 | D:5      | Noticed Duvessa
  5217 | D:5      | Noticed Dowan
  5472 | D:5      | Reached skill level 5 in Polearms
  5474 | D:5      | Killed Duvessa
  5505 | D:5      | Killed Dowan
  5859 | D:5      | Noticed Edmund
  5882 | D:5      | Killed Edmund
  5882 | D:5      | Reached XP level 8. HP: 43/49 MP: 9/9
  5917 | D:5      | Noticed Ijyb
  5924 | D:5      | Killed Ijyb
  6078 | D:5      | Found a sacrificial altar of Ru.
  6191 | D:5      | Noticed Pikel
  6212 | D:5      | Killed Pikel
  6295 | D:5      | Found a runed translucent door.
  6296 | D:5      | Noticed Crazy Yiuf
  6303 | D:5      | Killed Crazy Yiuf
  6449 | D:6      | Reached XP level 9. HP: 48/55 MP: 10/10
  6522 | D:6      | Found an iron altar of Okawaru.
  6528 | D:6      | Noticed Blork the orc
  6536 | D:6      | Killed Blork the orc
  6536 | D:6      | Reached skill level 5 in Armour
  6538 | D:6      | Reached **** piety under Lugonu
  6538 | D:6      | Reached skill level 1 in Staves
  6716 | D:6      | Noticed Sigmund
  6717 | D:6      | Found a glowing golden altar of the Shining One.
  6719 | D:6      | Killed Sigmund
  6719 | D:6      | Reached skill level 1 in Dodging
  6865 | D:6      | Reached skill level 2 in Staves
  7272 | D:7      | Reached skill level 3 in Staves
  7658 | D:7      | Found a burning altar of Makhleb.
  7675 | D:7      | Reached skill level 4 in Staves
  7709 | D:7      | Found the +2 hat of the Bear Spirit {Spirit, +Rage rN+
                  | MR++}
  7726 | D:7      | Found a sand-covered staircase.
  7731 | Ossuary  | Entered an ossuary
  7941 | Ossuary  | Reached ***** piety under Lugonu
  8240 | D:8      | Found a basalt altar of Yredelemnul.
  8322 | D:8      | Reached skill level 5 in Staves
  8426 | D:8      | Reached XP level 10. HP: 61/61 MP: 13/13
  8555 | D:8      | Reached skill level 6 in Staves
  8890 | D:9      | Reached skill level 1 in Stealth
  8924 | D:9      | Noticed a two-headed ogre
  8937 | D:9      | Killed a two-headed ogre
  9121 | D:9      | Noticed Erica
  9135 | D:9      | Killed Erica
  9135 | D:9      | Reached skill level 7 in Staves
  9135 | D:9      | Reached skill level 5 in Invocations
  9253 | D:9      | Noticed a two-headed ogre
  9268 | D:9      | Killed a two-headed ogre
  9268 | D:9      | Reached skill level 1 in Throwing
  9485 | D:9      | Identified Vashueff's Compendium of Destructive
                  | Augmentations
  9658 | D:9      | Found a white marble altar of Elyvilon.
 10159 | D:10     | Entered Level 10 of the Dungeon
 10166 | D:10     | Noticed a centaur warrior
 10183 | D:9      | Reached skill level 8 in Staves
 10229 | D:10     | Noticed a rakshasa
 10245 | D:9      | Killed a centaur warrior
 10245 | D:9      | Reached XP level 11. HP: 63/67 MP: 15/15
 10497 | D:10     | Killed a rakshasa
 10680 | D:10     | Found a staircase to the Lair.
 11064 | D:10     | Reached skill level 9 in Staves
 12106 | D:11     | Noticed a manticore
 12118 | D:11     | Killed a manticore
 12182 | D:11     | Noticed a wolf spider
 12195 | D:11     | Killed a wolf spider
 12195 | D:11     | Reached skill level 10 in Staves
 12283 | D:11     | Reached skill level 1 in Evocations
 12283 | D:11     | Reached XP level 12. HP: 70/75 MP: 17/17
 12550 | D:12     | Noticed Nessos
 12590 | D:12     | Killed Nessos
 12898 | D:12     | Noticed Fannar
 12898 | D:12     | Noticed a two-headed ogre
 12909 | D:12     | Killed a two-headed ogre
 13003 | D:12     | Killed Fannar
 13037 | D:12     | Reached skill level 11 in Staves
 13327 | D:12     | Found a staircase to the Orcish Mines.
 13472 | D:12     | Reached ****** piety under Lugonu
 13479 | D:12     | Noticed Josephine
 13484 | D:12     | Killed Josephine
 13753 | D:12     | Identified a +7 quarterstaff of distortion (a +5
                  | quarterstaff of chaos corrupted by Lugonu)
 13753 | D:12     | Received a gift from Lugonu
 14070 | Orc:1    | Entered Level 1 of the Orcish Mines
 14239 | Orc:1    | Found Zowuixt's Magic Scroll Shoppe.
 14247 | Orc:1    | Bought a scroll of acquirement for 728 gold pieces
 14249 | Orc:1    | Found the +2 pair of boots of the Assassin {Detection Stab+
                  | Stlth++}
 14682 | Orc:2    | Entered Level 2 of the Orcish Mines
 14953 | Orc:2    | Reached XP level 13. HP: 66/80 MP: 15/19
 15100 | Orc:1    | Noticed an orc warlord
 15322 | Orc:2    | Reached skill level 12 in Staves
 16264 | Orc:2    | Found a staircase to the Elven Halls.
 16677 | Orc:2    | Found Hogemom's General Store.
 16677 | Orc:2    | Found Qelix's Distillery.
 16677 | Orc:2    | Found Ocwiafuap's Book Emporium.
 16686 | Orc:2    | Found Fejip's Assorted Antiques.
 17065 | Lair:1   | Entered Level 1 of the Lair of Beasts
 17204 | Lair:1   | Reached skill level 5 in Stealth
 17875 | Lair:2   | Reached skill level 10 in Fighting
 17889 | Lair:2   | Noticed Nergalle
 18310 | Lair:2   | Killed Nergalle
 18603 | Lair:3   | Got a brightly glowing hunting sling
 18614 | Lair:3   | Found a staircase to the Shoals.
 18655 | Lair:3   | Identified the +10 hunting sling "Lemimp" {speed, rC++ rN+
                  | Int-4 SInv} (You found it on level 3 of the Lair of Beasts)
 18864 | Lair:3   | Found a staircase to the Snake Pit.
 19466 | Lair:4   | Reached skill level 1 in Slings
 19466 | Lair:4   | Reached skill level 10 in Invocations
 19807 | Lair:4   | Reached skill level 5 in Evocations
 19807 | Lair:4   | Gained mutation: Your large and strong wings let you fly
                  | indefinitely. [Gargoyle growth]
 19807 | Lair:4   | Reached XP level 14. HP: 76/88 MP: 19/21
 20536 | Lair:4   | Gained mutation: Scrolls take you a little longer to read.
                  | [potion of mutation]
 20536 | Lair:4   | Gained mutation: Your mind is acute. (Int +2) [potion of
                  | mutation]
 20929 | Lair:5   | Reached skill level 13 in Staves
 21979 | Lair:6   | Entered Level 6 of the Lair of Beasts
 22024 | Lair:6   | Found a staircase to the Slime Pits.
 22025 | Lair:6   | Found a viscous altar of Jiyva.
 22962 | Lair:6   | Reached skill level 10 in Armour
 23001 | Lair:6   | Reached XP level 15. HP: 94/94 MP: 22/22
 23239 | Lair:6   | Reached skill level 14 in Staves
 23542 | Shoals:1 | Entered Level 1 of the Shoals
 23542 | Shoals:1 | Found Emyar's General Store.
 24199 | Shoals:1 | Noticed Donald
 24218 | Shoals:1 | Banished Donald
 24631 | Shoals:2 | Corrupted Shoals:2
 24631 | Shoals:2 | Noticed a red draconian knight
 24632 | Shoals:2 | Noticed a tentacled starspawn
 25877 | Shoals:2 | Noticed Ilsuiw
 26025 | Shoals:2 | Killed Ilsuiw
 27046 | Shoals:3 | Reached skill level 5 in Slings
 27878 | Shoals:3 | Reached XP level 16. HP: 52/101 MP: 5/23
 28450 | Shoals:4 | Entered Level 4 of the Shoals
 28470 | Shoals:4 | Corrupted Shoals:4
 28471 | Shoals:4 | Noticed a tentacled starspawn
 28476 | Shoals:4 | Noticed a tentacled starspawn
 29039 | Shoals:4 | Reached skill level 10 in Stealth
 30364 | Shoals:4 | Got a barnacled rune of Zot
 30570 | Shoals:4 | Killed from afar by a merfolk aquamancer

Levels and vault maps discovered:
D:1:      dpeg_arrival_yet_another_circle, layout_loops_ring,
          minmay_pentomino_z4
D:2:      minmay_inner_zag, layout_loops_ring, gammafunk_temple_overflow_wave,
          marbit_many_paths, first_ration, serial_forest,
          infiniplex_forest_clump_cross, infiniplex_forest_straight_3,
          infiniplex_forest_end_double, infiniplex_forest_clump_long,
          infiniplex_forest_straight_4, infiniplex_forest_fountain,
          infiniplex_forest_pool, infiniplex_forest_lined_room_2,
          infiniplex_forest_corner_2, minmay_pentomino_pile, uniq_natasha
D:3:      layout_basic, grunt_decor_cap
D:4:      layout_gridville, chequers_temple_overflow_statue_of_worship
D:5:      kennysheep_spiral_hall, layout_rooms, nicolae_ru_path_of_blood,
          uniq_ijyb, uniq_edmund, uniq_duvessa, uniq_pikel,
          uniq_crazy_yiuf_cottage
D:6:      old_forge, layout_loops_ring, nicolae_overflow_crystal_walls,
          gup_sewer_entry_bubbles, okawaru_gym_becter, uniq_blork_the_orc,
          uniq_sigmund
D:7:      layout_loops_cross, enter_ossuary_2, lemuel_tele_altar
D:8:      layout_rooms, yredelemnul_altar_generic, kennysheep_opposing_triangles
D:9:      layout_cave_pods, hangedman_fish_farm, elyvilon_altar_5, uniq_erica
D:10:     layout_layer_cave, david_lair_generic
D:11:     layout_cave_pools
D:12:     layout_basic, erik_orc_4, uniq_nessos, uniq_josephine, uniq_fannar
D:13:     layout_cave_pools, david_vaults_5, minivault_28
Lair:1:   layout_regular_city, grunt_megastairs_2
Lair:2:   layout_loops_ring, eino_house_with_fridge, lemuel_fruit_fields,
          uniq_nergalle
Lair:3:   layout_gridlike, shoals_dummy_entry, guppyfry_snake_entry_island,
          grunt_megastairs_5
Lair:4:   cheibrodos_lair_overgrown_chateau, layout_long_grid, st_stairs_5,
          cheibrodos_lair_lostbears, minmay_lair_oklob_chamber
Lair:5:   layout_cave_pods
Lair:6:   hangedman_lair_tendril_chambers, layout_layer_cave, slime_altar_1
Shoals:1: layout_shoals, serial_shops, shop, uniq_donald
Shoals:2: layout_shoals, portal_ice_cave_entry_pillars_2, uniq_ilsuiw
Shoals:3: layout_shoals, nicolae_shoals_circle_sea_wall
Shoals:4: shoals_end_grunt_ice, layout_shoals, nicolae_shoals_mertower
Orc:1:    layout_caves, serial_shops, nicolae_shop_stone
Orc:2:    st_orc_mages, layout_caves, mines2_lemuel

Skill      XL: |  1  2  3  4  5  6  7  8  9 10 11 12 13 14 15 16 |
---------------+-------------------------------------------------+-----
Fighting       | 4 5 6 7 8 9 10 11 12 | 12.4
Armour         | 3 4 5 7 8 9 10 11 | 11.2
Polearms       | 1 2 4 6 8 9 |  9.2
Staves         | 5 8 10 11 12 13 14 | 14.2
Dodging        | 1 |  1.7
Invocations    | 4 6 7 9 10 | 10.0
Stealth        | 1 3 6 7 9 10 | 10.3
Throwing       | 1 2 3 4 |  4.3
Evocations     | 1 3 5 6 8 |  8.7
Slings         | 1 3 6 7 |  7.5
Maces & Flails | |  2.6

Action                   |  1- 3 |  4- 6 |  7- 9 | 10-12 | 13-15 | 16-18 || total
-------------------------+-------+-------+-------+-------+-------+-------++-------
Melee: Mace              |   123 |       |       |       |       |       ||   123
       Halberd           |       |   477 |   158 |       |       |       ||   635
       Quarterstaff      |       |       |   251 |   692 |  1012 |    13 ||  1968
       Trident           |       |       |       |       |    32 |   200 ||   232
 Fire: Hunting sling     |       |       |       |       |   263 |   189 ||   452
Throw: Dart              |       |     5 |       |    60 |    39 |     4 ||   108
       Javelin           |       |       |       |     4 |     4 |       ||     8
       Throwing net      |       |       |       |       |     1 |       ||     1
Invok: Depart the Abyss  |     1 |       |       |       |       |       ||     1
       Bend Space        |       |       |     1 |       |     2 |     1 ||     4
       Brand Weapon With |       |       |       |     1 |       |       ||     1
       Banish            |       |       |       |       |     1 |     1 ||     2
       Corrupt           |       |       |       |       |     1 |     1 ||     2
 Abil: Evoke Berserk Rag |       |       |       |       |     1 |     1 ||     2
       Fly               |       |       |       |       |       |     1 ||     1
       Stop Flying       |       |       |       |       |       |     1 ||     1
       Evoke Invisibilit |       |       |       |       |       |     1 ||     1
Evoke: Wand              |       |       |     7 |    14 |    18 |     5 ||    44
  Use: Scroll            |     1 |     6 |       |    13 |    14 |       ||    34
       Potion            |       |       |     2 |     6 |     6 |     2 ||    16
 Stab: Petrifying        |       |       |     2 |       |       |       ||     2
       Paralysed         |       |       |       |     3 |       |       ||     3
       Sleeping          |       |       |       |       |     2 |       ||     2
       Distracted        |       |       |       |       |     1 |       ||     1
  Eat: Ration            |     1 |       |     1 |     3 |     6 |     1 ||    12
       Chunk             |       |    11 |     9 |    15 |    23 |     6 ||    64
Armor: Leather armour    |     7 |       |       |       |       |       ||     7
       Plate armour      |   124 |   458 |   341 |   514 |   848 |   186 ||  2471
Dodge: Dodged            |    52 |   161 |   110 |   178 |   273 |    61 ||   835
Block: Other             |       |       |       |    18 |   103 |    23 ||   144
       Reflection        |       |       |       |       |    12 |       ||    12
